 Seeded DCSS version 0.31-a0-726-g3c93526 (webtiles) character file.

Game seed: 7488981733002710792 (custom seed)

16650 porkupine the Fighter (level 12, -1/81 HPs)
             Began as a Gargoyle Fighter on Sept 10, 2023.
             Was an Elder of Makhleb.
             Engulfed by an ice statue's freezing vapour (5 damage)
             ... in an ice cave.
             The game lasted 00:35:05 (9447 turns).

porkupine the Fighter (Gargoyle Fighter)            Turns: 9447, Time: 00:35:05

Health: -1/81      AC: 35    Str: 25    XL:     12   Next: 39%
Magic:  12/12      EV:  7    Int:  9    God:    Makhleb [****..]
Gold:   950        SH:  9    Dex: 15    Spells: 11/11 levels left

rFire   . . .        H - +2 scimitar (flame)
rCold   . . .        c - +3 buckler
rNeg    + . .        k - +1 plate armour
rPois   ∞            b - +1 helmet
rElec   +            p - +1 cloak
rCorr   .            (no gloves)
SInv    .            K - +1 pair of boots
Will    .....        v - amulet of regeneration Stlth
                     g - +4 ring of protection
HPRegen 1.13/turn    n - +6 ring of dexterity
MPRegen 0.13/turn

%: no passive effects
@: about to teleport
A: sickness immunity, AC +8, negative energy resistance 1, electricity
resistance, torment resistance 1, petrification resistance
a: Renounce Religion, Minor Destruction, Lesser Servant of Makhleb, Major
Destruction


You were in an ice cave.
You worshipped Makhleb.
Makhleb was greatly pleased with you.
You visited 1 branch of the dungeon, and saw 11 of its levels.
You also visited: Ice Cave.

You collected 950 gold pieces.

Inventory:

Hand Weapons
 w - a +5 long sword of protection
 y - the +6 shillelagh "Devastator" {shatter}
   (You found it on level 7 of the Dungeon)
 E - a +2 whip of electrocution
 F - a +2 rapier of venom
 H - a +2 scimitar of flaming (weapon)
Missiles
 e - 30 poisoned darts
 l - 5 atropa-tipped darts
 q - 2 throwing nets
 u - 2 curare-tipped darts
 A - 6 javelins
Armour
 b - a +1 helmet (worn)
 c - a +3 buckler (worn)
 k - a +1 plate armour (worn)
 p - a +1 cloak (worn)
 s - a scarf of resistance
 K - a +1 pair of boots (worn)
Jewellery
 g - a +4 ring of protection (left hand)
 n - a +6 ring of dexterity (right hand)
 v - an amulet of regeneration (around neck)
 J - a +6 ring of intelligence
Talismans
 C - a beast talisman
Wands
 d - a wand of flame (38)
 t - a wand of mindburst (14)
 x - a wand of roots (7)
Scrolls
 a - a scroll of immolation
 m - 3 scrolls of teleportation
 G - 2 scrolls of summoning
 I - a scroll of enchant weapon
Potions
 f - 6 potions of curing
 h - a potion of enlightenment
 i - 5 potions of heal wounds
 j - a potion of brilliance
 o - a potion of attraction
 r - a potion of degeneration {unknown}
 z - 2 potions of cancellation
 D - 2 potions of might


   Skills:
 + Level 12.1 Fighting
 + Level 10.1 Long Blades
 * Level 7.3 Maces & Flails
 + Level 9.2 Armour
 + Level 9.0 Shields


You had 11 spell levels left.
You didn't know any spells.
Your spell library contained the following spells:

 Spells                   Type           Power      Damage    Failure   Level
 Call Canine Familiar     Summ           0%         N/A       100%        3
 Gell's Gravitas          Tloc           0%         N/A       100%        3
 Sigil of Binding         Hex            0%         N/A       100%        3
 Teleport Other           Tloc           0%         N/A       100%        3
 Tukima's Dance           Hex            0%         N/A       100%        3
 Volatile Blastmotes      Fire/Tloc      0%         2d10      100%        3
 Dimensional Bullseye     Hex/Tloc       0%         N/A       100%        4
 Fulminant Prism          Conj/Hex       0%         3d5       100%        4
 Iskenderun's Mystic Bla  Conj/Tloc      0%         2d3       100%        4
 Leda's Liquefaction      Hex/Erth       0%         N/A       100%        4
 Dispersal                Tloc           0%         N/A       100%        6


Dungeon Overview and Level Annotations

Branches:
Dungeon (12/15)            Temple (0/1) D:4            Lair (0/5) D:9
  IceCv (1/1)
    Orc: D:9-12

Altars:
Elyvilon
Makhleb
Nemelex Xobeh
Ru
Trog
Wu Jian
Zin

Shops:
D:5 ?

Annotations:
IceCv exclusion: ice statue


Innate Abilities, Weirdness & Mutations

You are immune to sickness and miasma.
Your stone body is resilient. (AC +8)
You are immune to poison.
You resist negative energy. (rN+)
You are resistant to electric shocks. (rElec)
You are resistant to unholy torment.
You are immune to petrification.


Message History

You completely miss the great orb of eyes simulacrum.
The great orb of eyes simulacrum is severely damaged.
The great orb of eyes simulacrum bites you!
The great orb of eyes simulacrum freezes you!
You slash the great orb of eyes simulacrum!
You melt the great orb of eyes simulacrum!
The great orb of eyes simulacrum vaporises!
Makhleb accepts your kill.
You feel better.
You see here a +2 battleaxe of freezing.
An ice statue comes into view.
The ice statue gestures.
Marking area around an ice statue as unsafe for travelling.
The ice statue gestures at you.
The bolt of cold hits you but does no damage.
The ice statue gestures at you. The freezing blast engulfs you!
A glowing shapeshifter simulacrum comes into view.
You are engulfed in freezing vapours.
The ice statue gestures at you. The freezing blast engulfs you!!
You are engulfed in freezing vapours.
The ice beast closely misses you.
You slash the ice statue!
You melt the ice statue.
The ice statue is lightly damaged.
You are engulfed in freezing vapours.
The ice statue gestures.
You slash the ice statue!
You melt the ice statue.
The ice statue is moderately damaged.
You are engulfed in freezing vapours.
You block the ice beast's attack. The ice statue gestures at you.
The shard of ice hits you!
* * * LOW HITPOINT WARNING * * *
You slash the ice statue!
You melt the ice statue.
The ice statue is heavily damaged.
You are engulfed in freezing vapours.
* * * LOW HITPOINT WARNING * * *
You block the ice beast's attack.
As you read the scroll of teleportation, it crumbles to dust.
You feel strangely unstable.
You are engulfed in freezing vapours.
You die...

##### ##...##
#.....##
##......#
#.......#
#○......##
#.○○#....##
#@Y##.#...#
#8Y##.##..##
#Z°##.(##..#
#...#.).#..#
....##..##.##
#....#..##..#
###..##..#..#
###
...#..##.####.#
##..#..##...


You could see an ice statue, 2 ice beasts and a glowing shapeshifter simulacrum.

Vanquished Creatures
  3 two-headed ogres
  Lodul (D:11)
  Pikel (D:9)
  An ugly thing (D:11)
  A manticore (D:6)
  2 cyclopes
  Maurice (D:11)
  An ice statue (IceCv)
  A gargoyle (D:10)
  Maggie (D:6)
  An efreet (D:12)
  3 trolls
  A polar bear (D:12)
  A hornet (D:9)
  Sigmund (D:2)
  A shadow (D:11)
  A wraith (D:12)
  A vampire (D:12)
  2 wyverns (D:9)
  29 yaks
  A steam dragon (D:6)
  4 vampire mosquitoes (D:12)
  2 acid dragons
  3 water moccasins
  2 orc warriors (D:9)
  2 great orb of eyes simulacra (IceCv)
  A sky beast (shapeshifter) (D:11)
  A sky beast (D:7)
  2 ice beasts
  10 ogres
  3 phantoms
  4 slime creature simulacra (IceCv)
  4 lemures (D:9)
  2 centaurs
  3 kobold brigands (D:7)
  A gnoll sergeant (D:9)
  4 scorpions
  A glowing shapeshifter simulacrum (IceCv)
  2 howler monkeys (D:6)
  2 hounds (D:6)
  A jelly (D:4)
  4 orc priests
  A gnoll bouda (D:6)
  3 iron imps (D:3)
  A sleepcap (D:6)
  6 iguanas
  4 orc wizards
  9 gnolls
  13 adders
  A shadow imp (D:7)
  5 white imps
  An ufetubus (D:6)
  A worm (D:2)
  17 orcs
  5 bats
  8 endoplasms
  3 giant cockroaches (D:1)
  4 goblins
  6 hobgoblins
  3 jackals (D:1)
  6 quokkas
  5 ball pythons
  2 frilled lizards (D:2)
  14 kobolds
  3 rats
234 creatures vanquished.

Notes
Turn   | Place    | Note
-------+----------+-------------------------------------------
     0 | D:1      | porkupine the Gargoyle Fighter began the quest for the Orb.
     0 | D:1      | Reached XP level 1. HP: 14/14 MP: 1/1
   151 | D:1      | Reached XP level 2. HP: 19/19 MP: 2/2
   658 | D:1      | Reached XP level 3. HP: 18/23 MP: 3/3
  1138 | D:2      | Reached XP level 4. HP: 25/29 MP: 4/4
  1180 | D:2      | Reached skill level 4 in Fighting
  1657 | D:2      | Noticed Sigmund
  1690 | D:2      | Killed Sigmund
  1691 | D:2      | Reached XP level 5. HP: 22/34 MP: 5/5
  1691 | D:2      | Reached XP level 6. HP: 26/40 MP: 6/6
  2149 | D:3      | Found a sparkling altar of Nemelex Xobeh.
  2161 | D:3      | Found a burning altar of Makhleb.
  2184 | D:3      | Reached skill level 5 in Fighting
  2343 | D:3      | Became a worshipper of Makhleb the Destroyer
  2945 | D:4      | Reached XP level 7. HP: 42/44 MP: 7/7
  3059 | D:4      | Found a staircase to the Ecumenical Temple.
  3840 | D:5      | Entered Level 5 of the Dungeon
  3883 | D:5      | Reached skill level 6 in Fighting
  3883 | D:5      | Reached skill level 5 in Armour
  3883 | D:5      | Reached skill level 5 in Shields
  4046 | D:5      | Reached XP level 8. HP: 48/52 MP: 8/8
  4061 | D:5      | Reached skill level 5 in Long Blades
  4400 | D:5      | Found a white marble altar of Elyvilon.
  4447 | D:5      | Reached skill level 7 in Fighting
  4646 | D:5      | Found Ecipie Hayl's Magic Scroll Emporium.
  5234 | D:6      | Noticed Maggie
  5258 | D:6      | Killed Maggie
  5259 | D:6      | Reached XP level 9. HP: 11/58 MP: 9/9
  5357 | D:6      | Reached skill level 8 in Fighting
  5359 | D:6      | Noticed a manticore
  5385 | D:6      | Killed a manticore
  5402 | D:6      | Noticed a troll
  5433 | D:6      | Killed a troll
  5526 | D:6      | Found a bloodstained altar of Trog.
  5541 | D:6      | Reached * piety under Makhleb
  5670 | D:6      | Found a sacrificial altar of Ru.
  5672 | D:6      | Found an ornate altar of the Wu Jian Council.
  6011 | D:7      | Reached skill level 9 in Fighting
  6139 | D:7      | Reached XP level 10. HP: 59/66 MP: 10/10
  6357 | D:7      | Found the +6 shillelagh "Devastator" {shatter}
  6416 | D:7      | Reached skill level 1 in Maces & Flails
  6443 | D:7      | Reached ** piety under Makhleb
  6650 | D:7      | You fall into a shaft and drop 2 floors!
  6690 | D:9      | Noticed a two-headed ogre
  6712 | D:9      | Killed a two-headed ogre
  6723 | D:9      | Reached skill level 10 in Fighting
  6807 | D:9      | Found a staircase to the Lair.
  6858 | D:9      | Upgraded the game from 0.31-a0-716-gc760375 to
                  | 0.31-a0-726-g3c93526
  6972 | D:9      | Noticed Pikel
  6986 | D:9      | Killed Pikel
  6987 | D:9      | Reached XP level 11. HP: 73/73 MP: 11/11
  7376 | D:9      | Found a glowing silver altar of Zin.
  7409 | D:10     | Entered Level 10 of the Dungeon
  7551 | D:10     | Noticed a two-headed ogre
  7575 | D:10     | Killed a two-headed ogre
  7599 | D:10     | Reached skill level 5 in Maces & Flails
  7606 | D:10     | Reached skill level 11 in Fighting
  8120 | D:11     | Noticed Lodul
  8126 | D:11     | Noticed a cyclops
  8192 | D:10     | Killed a cyclops
  8248 | D:11     | Killed Lodul
  8248 | D:11     | Reached *** piety under Makhleb
  8450 | D:11     | Noticed a two-headed ogre
  8459 | D:11     | Killed a two-headed ogre
  8577 | D:11     | Noticed Maurice
  8586 | D:11     | Killed Maurice
  8773 | D:12     | Noticed a white ugly thing
  8830 | D:11     | Killed a white ugly thing
  8831 | D:11     | Reached XP level 12. HP: 80/80 MP: 12/12
  8947 | D:12     | Reached skill level 12 in Fighting
  9068 | D:12     | Reached skill level 10 in Long Blades
  9208 | D:12     | Found a frozen archway.
  9215 | IceCv    | Entered an ice cave
  9369 | IceCv    | Reached **** piety under Makhleb
  9446 | IceCv    | HP: 3/81 [ice statue] (16)]
  9447 | IceCv    | Engulfed by an ice statue's freezing vapour

Illustrated notes

Levels and vault maps discovered:
D:1:      dpeg_arrival_yet_another_circle, layout_loops_ring, serial_forest,
          infiniplex_forest_clump_diagonal, infiniplex_forest_end_1,
          infiniplex_forest_lined_room_2, infiniplex_forest_clump_diagonal,
          infiniplex_forest_corner_1, infiniplex_forest_lined_3,
          infiniplex_forest_clump_small
D:2:      layout_loops_cross, minmay_gold_behind_fungi, uniq_sigmund
D:3:      layout_basic, demons_altar, mainiacjoe_overflow_surrounded_room
D:4:      layout_basic, minmay_temple_entry_enclosed_plants,
          minmay_misc_feat_pillars
D:5:      minmay_chambers_of_fours, layout_basic, mainiacjoe_overflow_alcove_1,
          serial_shops, nicolae_shop_hallway_plus,
          chequers_serial_rivers_micro_a, minmay_door_square,
          nicolae_zen_rock_garden, serial_bayou_pond_d
D:6:      layout_loops_ring, chequers_temple_overflow_statue_of_worship,
          kennysheep_mini_moat, hangedman_minor_gate_pass, uniq_maggie
D:7:      layout_basic
D:9:      layout_loops_ring, overflow_temple_1_default, lair_entry_dummy,
          uniq_pikel
D:10:     layout_long_grid
D:11:     layout_basic, uniq_maurice, uniq_lodul
D:12:     layout_irregular_city, orc_0_dummy, serial_ice, serial_ice_g,
          serial_ice_o, serial_ice_m, serial_ice_e,
          portal_ice_cave_entry_pillars_1, minmay_circle_x
IceCv:    ice_cave_hellmonk_azure_passage

Skill      XL: |  1  2  3  4  5  6  7  8  9 10 11 12 |
---------------+-------------------------------------+-----
Long Blades    | 2 3 4 6 7 8 9 10 | 10.1
Fighting       | 4 5 6 7 9 10 11 12 | 12.1
Armour         | 4 5 6 7 8 9 |  9.2
Shields        | 4 5 6 7 8 9 |  9.0
Maces & Flails | 4 6 7 |  7.3

Action                     |  1- 3 |  4- 6 |  7- 9 | 10-12 || total
---------------------------+-------+-------+-------+-------++-------
  Melee: Long sword        |   132 |   197 |   396 |   410 ||  1135
         Shillelagh        |       |       |       |   107 ||   107
         Scimitar          |       |       |       |    52 ||    52
  Throw: Dart              |       |     3 |       |    12 ||    15
  Evoke: Wand              |       |       |     7 |     7 ||    14
    Use: Scroll            |     5 |     5 |     7 |     8 ||    25
         Potion            |     3 |       |     1 |       ||     4
   Stab: Distracted        |       |       |       |     1 ||     1
 Armour: Scale mail        |    29 |       |       |       ||    29
         Chain mail        |    99 |    57 |       |       ||   156
         Plate armour      |       |    64 |   363 |   388 ||   815
  Dodge: Dodged            |    59 |    65 |   109 |   121 ||   354
  Block: Buckler           |    70 |    55 |   177 |   198 ||   500

Table legend: (Time is in decaauts)
 A = Elapsed time spent in this place.
 B = Non-inter-level travel time spent in this place.
 C = Inter-level travel time spent in this place.
 D = Time resting spent in this place.
 E = Time spent auto-exploring this place.
 F = Levels seen in this place.
 G = Mean time per level.
                   A        B        C        D        E       F      G
               +--------+--------+--------+--------+--------+-----+--------+
         Total |   9598 |   9279 |    319 |    165 |   6702 |  12 |  799.8 |
       Dungeon |   9371 |   9052 |    319 |    165 |   6558 |  11 |  851.9 |
      Ice Cave |    227 |    227 |      0 |      0 |    144 |   1 |  227.0 |
               +--------+--------+--------+--------+--------+-----+--------+

Top non-repeatable levels by time:
     D:5: 1305 daAuts
     D:3: 1105 daAuts
     D:2: 987 daAuts
     D:1: 937 daAuts
     D:6: 922 daAuts
     D:4: 911 daAuts
     D:9: 806 daAuts
    D:10: 721 daAuts
     D:7: 632 daAuts
    D:11: 625 daAuts
    D:12: 414 daAuts
   IceCv: 227 daAuts
